 Dungeon Sprint DCSS version 0.31-a0-879-g1609e0ac53 (webtiles) character file.

Game seed: 5389530215493020834

9 rocky1 the Ducker (level 2, -11/24 HPs)
             Began as a Djinni Gladiator on Oct 15, 2023.
             Mangled by Menkaure (21 damage)
             ... in the Dungeon (Sprint II: "The Violet Keep of Menkaure").
             The game lasted 00:00:20 (37 turns).

rocky1 the Ducker (Djinni Gladiator)                  Turns: 37, Time: 00:00:20

Health: -11/24     AC:  4    Str: 13    XL:     2   Next: 25%
Gold:   243        EV: 13    Int:  9    God:
                   SH:  0    Dex: 14

rFire   + + .        a - +0 long sword
rCold   x . .        (no shield)
rNeg    . . .        b - +0 leather armour
rPois   ∞            c - +0 helmet
rElec   .            (no cloak)
rCorr   .            (no gloves)
SInv    .            (boots unavailable)
Will    .....        (no amulet)
Stlth   +            (no ring)
HPRegen 0.24/turn    (no ring)
MPRegen 0.00/turn

%: no teleportation, infuse magic (-12 HP)
@: flying
A: sickness immunity, fire resistance 2, cold vulnerability 1, float, innate
caster, HP casting, extra vitality 1
a: no special abilities


You were in the Dungeon.
You visited 1 branch You collected 243 gold pieces.

Inventory:

Hand Weapons
 a - a +0 long sword (weapon)
Missiles
 d - 2 throwing nets (quivered)
 e - a javelin
Armour
 b - a +0 leather armour (worn)
 c - a +0 helmet (worn)
Scrolls
 j - a scroll of blinking
Potions
 f - a potion of curing
 g - a potion of heal wounds
 h - a potion of haste
 i - a potion of berserk rage


   Skills:
 + Level 2.4 Fighting
 + Level 3.7 Long Blades
 + Level 1.9 Throwing
 + Level 0.1 Armour
 + Level 4.2 Dodging
 + Level 0.2 Stealth You didn't know any spells. Your spell library was empty.

Dungeon Overview and Level Annotations

Branches:
Dungeon (1/1)

Altars:
Gozag
Okawaru

Annotations:
D Menkaure


Innate Abilities, Weirdness & Mutations

You are immune to sickness and miasma.
You are immune to poison.
Your flesh is very heat resistant. (rF++)
You are vulnerable to cold. (rC-)
You float through the air rather than walking.
You learn spells naturally, not from books.
Your magical power is your life essence.
You have superior vitality. (+4 MHP)


Message History

The worm struggles against the net.
You hit the worm.
You kill the worm!
Your Dodging skill increases to level 4!
You have reached level 2!
You hit the worm.
The worm is heavily wounded.
The worm bites you but does no damage.
You hit the worm but do no damage.
The worm is moderately wounded.
You hit the worm.
The worm is severely wounded.
The worm bites you!
You slash the worm!
You kill the worm!
d - a throwing net;
d - 2 throwing nets (gained 1)
There is an open door here.
Things that are here:
a worm corpse; a worm corpse
Found 243 gold pieces.
You now have 243 gold pieces.
You reach down and open the door.
Menkaure, Prince of Dust comes into view.
Menkaure moves out of view.
There is an open door here.
Menkaure shouts!
Found an iron altar of Okawaru and an opulent altar of Gozag.
Menkaure grins.
Menkaure hits you!
You closely miss Menkaure.
Menkaure is severely damaged.
A water moccasin comes into view.
Menkaure splashes around in the water.
Unknown command.
The water moccasin hisses angrily.
You hit Menkaure but do no damage.
Menkaure is severely damaged.
Menkaure hits you!!
Ouch! That really hurt!
You die...

#### ...# ##..##
#+# #.##..#
##.##.###..#
+.<.†##.'..###
##.##...#....###§
#+###.##...§..§~~
###~@....S~#+
#§§~M~~§..~#_
#~~~~~~~§.~#.
#~~~≈≈≈~§~~~#_
~~~~~~≈≈≈≈§~~#.
#+++#~≈≈≈§≈§≈~#.
##≈≈≈###≈§# ##≈≈#
≈≈#


You could see a water moccasin and Menkaure.

Vanquished Creatures
  3 worms (D)
3 creatures vanquished.

Notes
Turn   | Place    | Note
-------+----------+-------------------------------------------
     0 | D        | rocky1 the Djinni Gladiator began the quest for the Orb.
     0 | D        | Reached XP level 1. HP: 18/18 MP: 0/0
    19 | D        | Reached skill level 4 in Dodging
    19 | D        | Reached XP level 2. HP: 22/23 MP: 0/0
    31 | D        | Noticed Menkaure
    33 | D        | Found an iron altar of Okawaru.
    33 | D        | Found an opulent altar of Gozag.
    36 | D        | Noticed a water moccasin
    37 | D        | Mangled by Menkaure

Illustrated notes

Levels and vault maps discovered:
D:        the_violet_keep_of_menkaure [sprint2_stairs_cluster_1,
          sprint2_shoproom, sprint2_temple, sprint2_basic_supplies,
          sprint2_obstacle_5, sprint2_obstacle_6, sprint2_obstacle_2,
          sprint2_obstacle_3, sprint2_obstacle_4, sprint2_timed_cluster_1,
          sprint2_smallroom_cluster_1, sprint2_smallroom_final_cluster_1,
          sprint2_transparent_cluster_1, sprint2_second_timed_cluster_1,
          sprint2_sniper_area_1, sprint2_heavy_combat_area_1,
          sprint2_mutation_trap_area_1, sprint2_forest_area_1,
          sprint2_light_combat_area_1, sprint2_behind_water_1,
          sprint2_near_end_vault_1]

Skill      XL: |  1 |
---------------+----+-----
Long Blades    | 3 |  3.7
Dodging        | 4 |  4.2
Fighting       | |  2.4
Throwing       | |  1.9
Armour         | |  0.1
Stealth        | |  0.2

Action                     || total
---------------------------++-------
  Melee: Long sword        ||    17
  Throw: Throwing net      ||     3
   Stab: Held in net/web   ||     1
 Armour: Leather armour    ||     5

Table legend: (Time is in decaauts)
 A = Elapsed time spent in this place.
 B = Non-inter-level travel time spent in this place.
 C = Inter-level travel time spent in this place.
 D = Time resting spent in this place.
 E = Time spent auto-exploring this place.
 F = Levels seen in this place.
 G = Mean time per level.
                   A        B        C        D        E       F      G
               +--------+--------+--------+--------+--------+-----+--------+
         Total |     40 |     40 |      0 |      0 |      0 |   1 |   40.0 |
       Dungeon |     40 |     40 |      0 |      0 |      0 |   1 |   40.0 |
               +--------+--------+--------+--------+--------+-----+--------+

Top non-repeatable levels by time:
       D: 40 daAuts
